Map: Emerald City LE

Players

Massa - Winner!

  • Race: Terran Terran
  • Spawn Location: 11:00

qqq - Winner!

  • Race: Zerg Zerg
  • Spawn Location: 11:00

terminator

  • Race: Protoss Protoss
  • Spawn Location: 5:00

Indiana

  • Race: Terran Terran
  • Spawn Location: 5:00

VOD

Have the link to the VOD?

Description

Time

  • Played on: Oct. 2, 2020, 4:23 p.m.
  • Length: 24:58
Show
View Real Time Build Order
Export as new Build Order

Massa Terran - Winner!

Build Orders: Gas First Reaper Expand 

Get SALT Encoding   

  12  0:00  SCV  
  13  0:12  SCV  
  14  0:23  Supply Depot  
  14  0:24  SCV  
  15  0:34  Refinery  
  15  0:45  SCV  
  15  0:46  Barracks  
  16  0:57  SCV  
  16  0:58  Refinery  
  17  1:09  SCV  
  18  1:33  Reaper  
  19  1:49  Orbital Command  
  19  2:05  Reaper  
  20  2:09  Command Center  
  20  2:32  SCV, Factory  
  21  2:44  SCV, Barracks Tech Lab  
  22  2:56  SCV  
  22  2:57  Command Center  
  23  3:04  Supply Depot  
  23  3:20  Factory Tech Lab  
  23  3:21  SCV  
  24  3:28  Orbital Command  
  24  3:33  SCV  
  25  3:45  SCV  
  25  3:57  SCV  
  25  3:58  SCV  
  25  4:02  Marauder  
  28  4:05  Siege Tank  
  28  4:08  Refinery  
  28  4:09  Orbital Command, SCV  
  32  4:11  SCV  
  33  4:19  Concussive Shells  
  33  4:21  SCV  
  33  4:23  SCV, Marauder  
  37  4:33  SCV  
  38  4:43  SCV x2  
  40  4:45  SCV  
  40  4:50  Marine  
  42  4:55  SCV x2  
  42  4:58  SCV, Siege Tank  
  48  5:02  Stimpack  
  48  5:04  Engineering Bay  
  48  5:07  SCV, Marine  
  48  5:09  Barracks x3  
  50  5:14  Starport  
  50  5:22  Supply Depot  
  50  5:24  Refinery  
  50  5:26  SCV x3  
  50  5:28  Supply Depot  
  53  5:37  Marauder  
  53  5:38  SCV x3  
  58  5:45  Missile Turret  
  58  5:51  Liberator  
  58  5:53  Missile Turret, Siege Tank  
  64  5:57  Missile Turret  
  64  5:59  Missile Turret  
  64  6:01  Barracks Reactor x2, Barracks Tech Lab  
  64  6:06  SCV x2  
  66  6:18  SCV x2  
  55  6:25  Orbital Command  
  68  6:30  Siege Tank  
  71  6:34  Marine, Medivac  
  74  6:51  Marine  
  75  7:00  Marauder  
  77  7:07  Supply Depot  
  77  7:09  Supply Depot  
  77  7:13  Marine x5, Medivac  
  84  7:17  Supply Depot  
  84  7:19  Widow Mine  
  84  7:21  Marauder  
  85  7:26  Armory  
  85  7:27  Terran Infantry Weapons Level 1  
  85  7:31  SCV x3, Marine x4, Supply Depot  
  85  7:32  Engineering Bay  
  85  7:36  Refinery x2  
  92  7:41  Widow Mine  
  92  7:43  SCV x3  
  97  7:46  Marine x2  
  97  7:49  Marauder, Marine x3  
  104  7:54  Starport Reactor  
  104  7:55  SCV x2  
  106  8:00  Factory  
  106  8:04  Marauder, Marine  
  109  8:11  Marauder  
  111  8:20  SCV x3  
  114  8:32  SCV x3  
  114  8:33  Combat Shield  
  113  8:50  Supply Depot  
  113  8:51  Supply Depot  
  113  8:52  Supply Depot  
  113  8:58  Terran Vehicle Weapons Level 1  
  113  9:00  Terran Infantry Armor Level 1  
  113  9:11  Thor  
  113  9:13  Supply Depot  
  113  9:14  Supply Depot  
  113  9:15  Supply Depot  
  113  9:16  Marine x6  
  125  9:21  Factory Tech Lab  
  125  9:34  Marine x4  
  125  9:35  Marauder x2  
  133  9:38  Supply Depot  
  133  9:40  Thor, Supply Depot  
  133  9:41  Supply Depot  
  138  9:54  Thor  
  138  9:56  Marauder x2  
  138  9:58  Supply Depot  
  148  10:02  Supply Depot  
  148  10:04  Sensor Tower, Supply Depot  
  148  10:08  Supply Depot  
  148  10:23  Thor  
  154  10:29  Supply Depot  
  154  10:30  Factory  
  154  10:33  Factory  
  154  10:37  Thor  
  154  10:40  Terran Infantry Weapons Level 2  
  160  10:42  Armory  
  160  10:53  SCV x3, Terran Vehicle And Ship Armor Level 1  
  163  11:05  SCV x3  
  163  11:06  Thor  
  163  11:09  Command Center  
  172  11:51  Marauder x2, Marine x3  
  172  11:52  Marine  
  178  12:09  Marine  
  178  12:13  Marauder x2  
  158  12:34  Marauder x2  
  101  12:38  Factory Tech Lab x2  
  101  12:39  Thor x2  
  101  12:41  Marine  
  101  12:42  Marine x3  
  111  12:51  Planetary Fortress  
  105  12:54  SCV  
  105  12:55  SCV x2, Marauder  
  105  12:56  Marauder  
  112  12:59  Marine  
  112  13:00  Marine x3  
  112  13:02  Terran Infantry Armor Level 2, Terran Infantry Weapons Level 3  
  112  13:04  Terran Vehicle Weapons Level 2  
  116  13:07  SCV x3  
  119  13:14  Command Center, Viking x2  
  119  13:16  Marine x2  
  119  13:17  Marine x4  
  129  13:21  Thor  
  129  13:22  Thor  
  141  13:35  Marauder x2, Marine x2  
  130  13:44  Viking x2  
  126  13:56  Marauder x2  
  97  14:04  Thor x2  
  97  14:05  Marine  
  97  14:06  Marine x2  
  97  14:08  Marine  
  102  14:10  Thor  
  102  14:11  Thor  
  100  14:17  Marauder  
  100  14:18  Marauder  
  100  14:23  Marine x2  
  100  14:24  Marine  
  107  14:26  Marine  
  103  14:39  Marauder x2  
  103  14:40  Viking  
  103  14:41  Marine x2, Viking  
  103  14:42  Marine  
  103  14:43  Marine  
  115  14:50  SCV x3  
  118  14:59  Marine x2  
  120  15:00  Marauder x2  
  120  15:02  SCV  
  120  15:03  SCV x2  
  127  15:07  Command Center  
  127  15:10  Viking x2  
  131  15:14  SCV  
  131  15:15  SCV x2  
  134  15:22  Marauder x2  
  134  15:26  SCV  
  134  15:27  SCV x2  
  141  15:40  Viking  
  138  15:43  Marauder  
  134  16:06  Marauder x2, Marine  
  134  16:07  Marine x3  
  129  16:24  Marine  
  129  16:25  Marine x2  
  127  16:26  Orbital Command  
  127  16:27  Marauder  
  127  16:28  SCV x2, Marauder  
  133  16:36  Refinery  
  133  16:40  SCV x2  
  135  16:49  Marauder x2  
  135  16:52  SCV x2  
  133  17:10  Marauder, Marine  
  133  17:11  Marauder, Marine x3  
  133  17:12  Thor  
  133  17:13  Command Center  
  133  17:14  Siege Tank  
  150  17:32  Marauder x2  
  146  17:48  Viking x2  
  150  17:52  SCV  
  150  17:53  SCV x2, Marauder  
  150  17:54  Marauder  
  157  18:04  SCV  
  157  18:17  Viking  
  157  18:18  Viking  
  108  18:38  Thor x2  
  98  18:42  Planetary Fortress  
  88  18:53  Thor  
  94  19:14  Command Center  
  94  19:15  Thor  
  100  19:32  Thor  
  106  19:58  Marine x2  
  106  19:59  Marauder x2, Marine x2  
  114  20:16  Marine x2  
  114  20:20  Marauder x2  
  112  20:41  Marauder  
  112  20:42  Marauder  
  116  20:54  Missile Turret  
  116  20:59  Terran Vehicle And Ship Armor Level 2, Terran Vehicle Weapons Level 3  
  116  21:06  Orbital Command  
  116  21:09  Refinery, Thor x2  
  116  21:10  Refinery, Thor  
  134  21:11  Marine x2  
  100  23:09  Marauder x2, Marine x4  
  108  23:21  Thor x2  
  108  23:22  Thor x2  
  108  23:27  Marine x4  
  132  23:29  Command Center  
  132  23:31  Marauder x2  
  140  23:44  Marine  
  140  23:45  Marine x2  
  143  23:52  Marauder x2  
  147  24:04  Thor  
  150  24:13  Marauder  
  150  24:14  Marauder  
  154  24:29  Marine x3  
  154  24:30  Marine  
  158  24:35  Marauder x2  
  162  24:42  Command Center  
Show
View Real Time Build Order
Export as new Build Order

qqq Zerg - Winner!

Build Orders: Hatch First, Lurkers, Swarm Host 

Get SALT Encoding   

  12  0:01  Drone  
  13  0:12  Drone  
  14  0:36  Hatchery  
  14  0:39  Drone  
  14  0:56  Spawning Pool  
  13  1:09  Overlord  
  13  1:16  Drone  
  14  1:49  Zergling x4  
  15  2:04  Drone x2  
  18  2:08  Drone x2  
  18  2:09  Queen  
  18  2:11  Drone  
  22  2:17  Drone  
  22  2:21  Drone  
  24  2:27  Queen  
  26  2:32  Extractor  
  25  2:38  Drone x2  
  25  2:42  Drone  
  28  2:46  Overlord  
  28  2:49  Overlord  
  28  3:09  Drone  
  28  3:12  Drone  
  30  3:13  Hatchery  
  30  3:15  Drone  
  30  3:23  Zergling x2  
  30  3:24  Zergling x2  
  30  3:27  Overlord  
  32  3:30  Drone  
  33  3:39  Zergling x4  
  33  3:40  Drone x2  
  37  3:43  Drone  
  37  3:46  Zergling x2  
  39  3:51  Drone x2  
  39  3:55  Drone  
  42  3:56  Zergling x2  
  42  3:59  Metabolic Boost  
  42  4:02  Drone  
  44  4:06  Evolution Chamber  
  44  4:07  Drone  
  44  4:13  Lair  
  44  4:15  Zergling x2  
  45  4:24  Drone x2  
  45  4:25  Drone  
  45  4:27  Drone  
  45  4:28  Zergling x4  
  51  4:40  Drone  
  51  4:42  Drone  
  51  4:44  Zergling x2  
  51  4:45  Zergling x2  
  55  4:49  Zerg Melee Weapons Level 1  
  55  4:56  Spore Crawler  
  55  4:58  Spore Crawler  
  55  4:59  Drone, Spore Crawler  
  54  5:00  Drone  
  54  5:01  Drone  
  54  5:03  Hatchery  
  54  5:04  Drone  
  55  5:09  Spore Crawler  
  55  5:13  Drone x2  
  55  5:14  Drone, Spore Crawler  
  55  5:15  Zergling x2  
  57  5:27  Overlord x2  
  57  5:31  Drone  
  57  5:33  Drone, Spore Crawler  
  58  5:37  Drone, Spine Crawler  
  58  5:44  Queen  
  58  5:49  Overlord x2  
  60  5:50  Zergling x8  
  60  5:51  Drone  
  65  6:00  Drone x2, Zergling x2, Infestation Pit  
  65  6:01  Drone  
  65  6:03  Zergling x2  
  69  6:08  Extractor  
  69  6:09  Drone  
  69  6:12  Zergling x4  
  71  6:24  Nydus Network  
  70  6:28  Zergling x4  
  70  6:29  Drone x4  
  76  6:35  Drone  
  76  6:38  Extractor  
  76  6:39  Drone, Extractor  
  77  6:40  Drone  
  77  6:45  Hatchery  
  76  6:47  Swarm Host  
  79  6:58  Swarm Host  
  82  7:03  Drone  
  82  7:05  Drone  
  82  7:06  Overlord x2  
  82  7:08  Drone x3  
  87  7:09  Overlord  
  87  7:15  Swarm Host  
  87  7:17  Drone x4  
  87  7:21  Hive  
  94  7:38  Drone x4, Hydralisk Den  
  94  7:40  Swarm Host  
  94  7:43  Zergling x12  
  106  7:47  Zerg Missile Weapons Level 1  
  106  7:54  Nydus Canal  
  106  7:57  Drone x4  
  106  7:58  Drone  
  111  8:00  Extractor x2  
  111  8:01  Spore Crawler  
  111  8:02  Spore Crawler  
  107  8:08  Drone x3  
  107  8:10  Queen  
  112  8:13  Drone x2, Spore Crawler  
  112  8:14  Swarm Host x3  
  122  8:23  Grooved Spines  
  122  8:25  Drone  
  122  8:26  Drone x2  
  125  8:55  Overlord x8  
  125  8:56  Overlord x2  
  125  9:00  Spore Crawler  
  125  9:02  Spore Crawler  
  123  9:10  Overlord x4  
  123  9:23  Viper x2  
  129  9:32  Hydralisk  
  129  9:33  Hydralisk x7  
  129  9:34  Hydralisk  
  129  9:37  Drone x5  
  129  9:38  Drone x4  
  156  9:55  Nydus Canal  
  156  9:58  Drone x4  
  160  10:00  Viper  
  160  10:01  Hydralisk x3  
  160  10:03  Zergling x8, Overlord  
  160  10:04  Zergling x4  
  175  10:22  Hydralisk x3  
  181  10:29  Lurker Den  
  181  10:30  Zerg Ground Armor Level 1  
  181  10:35  Extractor, Drone x2  
  177  10:36  Drone x2, Extractor  
  177  10:37  Hydralisk  
  166  10:55  Hydralisk, Viper  
  166  10:56  Hydralisk x2  
  173  11:00  Drone x5  
  173  11:02  Extractor  
  173  11:03  Extractor  
  178  11:16  Viper  
  180  11:21  Hydralisk x3  
  166  11:52  Viper  
  166  11:53  Hydralisk x2, Viper  
  166  11:54  Hydralisk x3  
  158  11:56  Drone x8  
  174  12:39  Hatchery  
  136  12:51  Hydralisk x4  
  136  12:52  Hydralisk x7  
  136  12:53  Hydralisk x3  
  136  12:54  Hydralisk  
  136  12:55  Hydralisk x3  
  136  12:56  Zergling x4  
  176  12:58  Lurker x2  
  176  12:59  Lurker x3  
  176  13:04  Hydralisk x3  
  185  13:11  Hydralisk  
  185  13:12  Hydralisk x3  
  191  13:16  Drone x2  
  194  13:36  Muscular Augments  
  141  14:01  Hydralisk x4  
  141  14:02  Zergling x12  
  135  14:03  Hydralisk x5, Zergling x4  
  147  14:11  Ultralisk Cavern  
  147  14:12  Evolution Chamber  
  147  14:13  Drone  
  147  14:14  Hydralisk x4  
  147  14:15  Evolution Chamber  
  153  14:24  Seismic Spines  
  150  14:25  Zerg Ground Armor Level 2  
  150  14:28  Lurker x2  
  150  14:30  Zergling x8  
  156  14:32  Zergling x2  
  156  14:33  Zergling x4  
  155  14:49  Zergling x6  
  155  14:50  Zergling x10  
  155  14:51  Zergling x8  
  163  15:04  Hydralisk x4  
  163  15:05  Hydralisk x2  
  169  15:17  Hatchery  
  169  15:20  Hydralisk, Zergling x4  
  169  15:21  Adaptive Talons, Ultralisk x3  
  169  15:22  Ultralisk x2  
  169  15:23  Drone x4  
  197  15:32  Lurker x2  
  182  15:51  Zergling x6  
  182  15:52  Zergling x2, Ultralisk x2  
  188  15:59  Pneumatized Carapace  
  188  16:00  Overseer  
  188  16:05  Overseer x2  
  188  16:07  Overlord x3  
  188  16:12  Anabolic Synthesis  
  188  16:14  Zerg Melee Weapons Level 2  
  188  16:22  Zergling x4  
  188  16:23  Zergling x14  
  197  16:30  Lurker x3  
  198  16:41  Zerg Missile Weapons Level 2  
  168  16:54  Chitinous Plating  
  168  17:00  Hydralisk x2, Zergling x4, Ultralisk x3  
  168  17:01  Hydralisk x2  
  189  17:03  Drone x6  
  179  17:27  Ultralisk x2  
  179  17:28  Zergling x14  
  179  17:29  Zergling x6  
  192  17:42  Hydralisk x5  
  199  17:44  Drone  
  199  17:48  Hatchery  
  199  17:52  Extractor, Hydralisk  
  199  17:53  Extractor, Zergling x2  
  200  18:04  Zerg Ground Armor Level 3  
  197  18:19  Ultralisk x3  
  192  18:28  Ultralisk  
  192  18:29  Zergling x14  
  192  18:30  Zergling x8  
  192  18:31  Zergling x6  
  188  18:37  Ultralisk x2  
  177  18:57  Lurker x2  
  177  18:58  Zergling x2  
  177  18:59  Zergling x12  
  186  19:03  Nydus Canal  
  186  19:07  Swarm Host x4  
  186  19:08  Swarm Host  
  191  19:40  Ultralisk  
  191  19:41  Zergling x4  
  174  20:17  Hydralisk  
  174  20:18  Hydralisk x9  
  174  20:19  Hydralisk x2  
  174  20:20  Drone x3  
  174  20:21  Drone x2  
  197  20:31  Nydus Canal  
  197  20:41  Zergling x2  
  197  20:42  Zergling x4  
  198  21:09  Spine Crawler x2  
  198  21:10  Spine Crawler  
  198  21:11  Drone x2, Spore Crawler x2  
  193  21:12  Drone, Spore Crawler  
  193  21:13  Spore Crawler  
  194  21:21  Hatchery  
  193  21:32  Nydus Canal  
  179  21:56  Ultralisk x5  
  179  21:57  Hydralisk x3  
  171  22:13  Hydralisk x8  
  184  22:19  Hydralisk x3  
  184  22:20  Hydralisk  
  184  22:21  Zergling x4  
  184  22:22  Zergling x6  
  192  22:29  Ultralisk  
  189  22:40  Spire  
  179  22:52  Hydralisk x2, Ultralisk x2  
  179  22:53  Hydralisk x3  
  160  23:33  Hydralisk x2  
  160  23:34  Hydralisk x8  
  150  23:35  Hydralisk x2  
  150  23:36  Hydralisk x3  
  150  23:38  Nydus Canal  
  166  23:48  Hydralisk x2  
  166  23:49  Hydralisk x2  
  174  24:00  Nydus Canal  
  174  24:03  Hydralisk x4  
  182  24:14  Spire  
Show
View Real Time Build Order
Export as new Build Order

terminator Protoss 

Build Orders: Carriers 

Get SALT Encoding   

  12  0:09  Pylon  
  12  0:13  Probe (Chrono Boost)  
  13  0:23  Probe (Chrono Boost)  
  14  0:34  Forge  
  14  0:38  Probe  
  15  0:53  Gateway  
  15  1:01  Pylon  
  15  1:11  Pylon  
  15  1:15  Probe (Chrono Boost)  
  17  1:26  Probe (Chrono Boost)  
  17  1:35  Pylon  
  17  1:38  Probe  
  18  1:46  Assimilator  
  17  1:48  Assimilator  
  17  1:50  Probe  
  18  1:59  Cybernetics Core  
  18  2:02  Probe (Chrono Boost)  
  19  2:14  Probe (Chrono Boost)  
  21  2:22  Pylon  
  21  2:23  Probe (Chrono Boost)  
  21  2:29  Probe  
  21  2:30  Pylon  
  21  2:35  Stalker  
  24  2:41  Probe  
  25  2:45  Photon Cannon  
  25  2:55  Protoss Shields Level 1  
  25  2:59  Probe  
  26  3:12  Probe  
  27  3:17  Stargate  
  27  3:22  Pylon  
  27  3:24  Probe, Stalker (Chrono Boost)  
  30  3:36  Probe  
  31  3:48  Probe  
  32  4:18  Nexus  
  32  4:20  Pylon  
  32  4:23  Pylon  
  32  4:25  Assimilator  
  32  4:27  Pylon  
  32  4:30  Assimilator  
  32  4:47  Fleet Beacon  
  32  4:49  Probe (Chrono Boost)  
  33  4:59  Probe (Chrono Boost)  
  34  5:02  Shield Battery  
  34  5:03  Probe (Chrono Boost)  
  35  5:12  Photon Cannon  
  35  5:15  Probe  
  36  5:27  Photon Cannon  
  36  5:30  Probe (Chrono Boost)  
  37  5:37  Stalker  
  37  5:41  Probe (Chrono Boost)  
  41  5:43  Probe (Chrono Boost)  
  41  5:57  Carrier  
  41  6:03  Probe  
  48  6:04  Probe  
  49  6:15  Probe, Stargate  
  50  6:26  Twilight Council  
  50  6:27  Probe  
  51  6:35  Shield Battery  
  51  6:39  Probe, Stalker  
  54  6:51  Probe  
  55  6:55  Protoss Air Armor Level 1 (Chrono Boost)  
  55  7:00  Robotics Facility  
  55  7:03  Probe  
  56  7:11  Carrier  
  62  7:15  Probe  
  62  7:28  Probe  
  63  7:38  Carrier  
  63  7:40  Probe  
  70  7:47  Photon Cannon  
  70  7:49  Photon Cannon  
  70  7:50  Pylon  
  70  7:51  Probe  
  71  7:52  Probe  
  72  8:01  Dark Shrine  
  72  8:03  Probe  
  72  8:04  Observer, Probe  
  75  8:15  Probe  
  76  8:20  Carrier  
  82  8:32  Observer  
  82  8:53  Nexus  
  82  8:54  Assimilator  
  82  8:57  Observer, Pylon x2, Assimilator  
  82  9:01  Pylon  
  83  9:04  Robotics Bay  
  83  9:09  Protoss Shields Level 2  
  83  9:14  Protoss Air Weapons Level 1 (Chrono Boost)  
  83  9:16  Photon Cannon  
  83  9:19  Probe x2, Observer  
  86  9:31  Probe  
  87  9:38  Carrier  
  93  9:41  Dark Templar  
  95  9:52  Probe x2  
  97  10:04  Probe x2  
  99  10:12  Photon Cannon  
  99  10:13  Photon Cannon  
  99  10:16  Probe, Shield Battery  
  99  10:17  Probe  
  99  10:18  Pylon  
  101  10:41  Colossus  
  105  10:44  Carrier x2  
  117  11:08  Probe  
  117  11:10  Probe x2  
  120  11:20  Probe  
  120  11:21  Stargate  
  120  11:22  Probe  
  122  11:26  Stargate  
  122  11:27  Pylon  
  122  11:33  Probe  
  122  11:34  Probe  
  122  11:35  Observer  
  119  11:48  Carrier  
  125  11:58  Colossus  
  135  12:01  Carrier  
  135  12:18  Dark Templar  
  119  12:50  Carrier x2  
  131  12:57  Dark Templar  
  133  13:07  Nexus  
  133  13:10  Assimilator  
  133  13:15  Carrier, Assimilator  
  139  13:21  Gravitic Boosters  
  139  13:37  Dark Templar  
  141  13:43  Colossus  
  109  14:16  Carrier, Dark Templar  
  115  14:29  Tempest  
  120  14:36  Colossus  
  123  14:54  Gateway  
  123  14:55  Gateway, Dark Templar  
  123  14:56  Gateway  
  131  15:21  Carrier x2  
  131  15:30  Colossus  
  131  15:34  Dark Templar  
  139  15:42  Assimilator  
  125  15:48  Assimilator  
  117  16:03  Carrier x2  
  125  16:14  Dark Templar  
  125  16:18  Dark Templar x3  
  138  16:25  Carrier  
  138  16:26  Extended Thermal Lance  
  138  16:39  Pylon  
  135  16:41  Pylon  
  128  16:56  Observer (Chrono Boost)  
  123  17:09  Robotics Facility  
  123  17:13  Observer (Chrono Boost)  
  123  17:29  Observer  
  124  17:44  Photon Cannon  
  124  17:45  Photon Cannon  
  124  17:46  Photon Cannon  
  124  17:47  Photon Cannon  
  124  17:48  Zealot, Dark Templar  
  124  17:49  Zealot  
  124  17:50  Observer, Charge (Chrono Boost), Pylon  
  131  17:51  Pylon  
  131  18:04  Pylon  
  131  18:15  Zealot  
  131  18:16  Nexus  
  102  18:39  Colossus  
  106  19:01  Colossus  
  112  19:11  Zealot x2  
  115  19:30  Protoss Shields Level 3 (Chrono Boost)  
  115  19:32  Colossus  
  115  19:37  Carrier x3  
  139  19:40  Nexus  
  139  19:41  Pylon  
  139  19:43  Pylon  
  139  19:45  Pylon  
  139  19:52  Protoss Air Weapons Level 2  
  139  19:54  Zealot x2  
  139  19:55  Zealot  
  137  20:26  Colossus  
  95  20:48  Carrier x4  
  118  21:07  Zealot x3  
  124  21:12  Observer  
  124  21:34  Zealot  
  124  21:35  Zealot  
  124  21:36  Zealot  
  130  21:53  Carrier  
  138  22:01  Zealot  
  138  22:05  Pylon  
  138  22:11  Shield Battery  
  138  22:14  Shield Battery  
  126  22:22  Protoss Ground Armor Level 1  
  102  22:25  Protoss Air Armor Level 2  
  62  22:44  Dark Templar x2  
  62  22:45  Zealot  
  61  23:12  Zealot  
  63  23:23  Dark Templar x2  
  67  23:39  Dark Templar  
  59  24:03  Dark Templar x2  
  59  24:18  Dark Templar  
Show
View Real Time Build Order
Export as new Build Order

Indiana Terran 

Build Orders: Reaper Expand 

Get SALT Encoding   

  12  0:00  SCV  
  13  0:12  SCV  
  14  0:22  Supply Depot  
  14  0:24  SCV  
  15  0:43  SCV  
  15  0:44  Barracks  
  15  0:49  Refinery  
  16  0:55  SCV  
  17  1:08  SCV  
  18  1:18  Refinery  
  18  1:20  SCV  
  19  1:36  Reaper  
  19  1:37  Orbital Command  
  20  1:54  Command Center  
  20  1:59  Supply Depot  
  20  2:08  Marine  
  21  2:16  SCV  
  22  2:26  Marine  
  23  2:37  SCV, Barracks  
  23  2:38  Factory  
  24  2:46  Marine  
  24  2:49  SCV  
  26  3:03  SCV, Supply Depot  
  27  3:05  Orbital Command  
  27  3:07  Barracks Reactor  
  27  3:15  SCV  
  28  3:24  Orbital Command  
  28  3:25  Factory Tech Lab  
  28  3:26  Barracks Tech Lab  
  28  3:27  SCV  
  29  3:39  SCV  
  29  3:41  Engineering Bay  
  30  3:54  SCV  
  30  3:55  SCV  
  32  3:58  Marine x2  
  32  3:59  Siege Tank  
  32  4:02  Marauder  
  39  4:04  Stimpack  
  39  4:07  SCV x2  
  39  4:09  Terran Infantry Weapons Level 1  
  41  4:13  Refinery  
  41  4:19  SCV x2  
  43  4:27  Marine x2  
  43  4:30  Marauder  
  43  4:31  SCV x2  
  49  4:40  Widow Mine  
  49  4:43  SCV x2  
  53  4:48  Barracks  
  53  4:49  Supply Depot  
  53  4:54  Refinery  
  53  4:55  SCV  
  54  5:01  Supply Depot  
  54  5:04  Starport  
  54  5:07  Missile Turret  
  54  5:10  SCV x2, Marine x2, Missile Turret  
  58  5:17  Marine  
  58  5:20  Widow Mine  
  61  5:23  SCV x2  
  61  5:27  Supply Depot  
  61  5:28  Marine  
  64  5:35  SCV x2  
  65  5:37  Barracks Reactor  
  66  5:44  Missile Turret  
  66  5:46  Marine x2  
  66  5:47  Widow Mine  
  66  5:48  SCV x2  
  72  5:53  Marine  
  72  5:56  Medivac  
  75  5:59  Supply Depot  
  75  6:01  SCV  
  75  6:03  Terran Infantry Armor Level 1, Marine  
  77  6:06  Sensor Tower  
  77  6:12  Marine  
  78  6:21  Marine x3, Siege Tank  
  78  6:24  Supply Depot  
  84  6:27  Supply Depot  
  84  6:32  Command Center  
  84  6:33  SCV x2  
  86  6:41  Combat Shield  
  86  6:45  Marine x2, Medivac  
  90  6:47  Supply Depot  
  90  6:51  Supply Depot  
  90  6:54  Armory  
  90  7:00  Engineering Bay  
  90  7:01  SCV x2  
  92  7:05  Marine x2  
  92  7:06  Marine  
  95  7:10  Marauder  
  95  7:12  Marine  
  95  7:13  SCV x2  
  100  7:23  Marine  
  100  7:24  Marine  
  100  7:25  Marine  
  100  7:26  Cyclone  
  100  7:27  Starport Tech Lab  
  106  7:32  Starport  
  106  7:33  Factory  
  106  7:36  SCV x2  
  108  7:39  Supply Depot  
  108  7:48  SCV x2  
  110  7:52  Missile Turret  
  110  7:53  Refinery  
  110  8:01  Refinery, Marine x4  
  110  8:05  Siege Tank  
  117  8:07  Raven  
  117  8:12  Planetary Fortress  
  118  8:54  Marine x2  
  118  8:55  Marine x2  
  118  8:56  Factory Tech Lab  
  118  8:57  Starport Reactor  
  118  9:13  Command Center  
  118  9:20  Sensor Tower  
  118  9:22  Marine x3  
  118  9:23  Marine x2  
  123  9:24  Siege Tank  
  123  9:25  Raven, Siege Tank  
  131  9:35  Medivac x2  
  131  9:38  Concussive Shells  
  135  9:39  Terran Infantry Armor Level 2, Terran Infantry Weapons Level 2  
  135  9:40  Marine x3, Terran Vehicle Weapons Level 1  
  135  9:41  Missile Turret  
  135  9:45  Supply Depot x2  
  138  9:51  Marine x2  
  140  9:57  SCV  
  140  9:58  SCV x2, Marine  
  144  10:01  Missile Turret  
  144  10:07  Marine x2  
  144  10:09  Supply Depot, Marine x2, Siege Tank x2  
  144  10:10  SCV x2  
  150  10:22  Missile Turret  
  149  10:29  Marine x3  
  149  10:30  Marine x2  
  149  10:31  Medivac x2  
  158  10:41  Missile Turret  
  158  10:47  Marine, Planetary Fortress  
  158  10:49  SCV  
  156  10:50  SCV x2  
  157  10:59  Widow Mine x2, Marine x3  
  157  11:00  Marine  
  157  11:01  Missile Turret  
  157  11:02  SCV, Viking, Medivac  
  170  11:18  Marauder  
  172  11:20  Marine x4  
  172  11:22  Widow Mine x2  
  172  11:23  Drilling Claws  
  172  11:25  Infernal Pre-Igniter  
  180  11:38  Marine  
  180  11:39  Marauder  
  180  11:43  Widow Mine  
  179  11:59  Widow Mine, Marine x4  
  179  12:01  Marauder  
  187  12:17  Marine  
  188  12:24  Viking  
  188  12:26  Marine  
  188  12:28  Marine x2  
  188  12:29  Viking  
  187  12:30  Viking  
  187  12:31  Widow Mine  
  187  12:35  Marine  
  187  12:47  Marauder  
  187  13:02  SCV x3, Viking x2  
  187  13:04  Terran Infantry Weapons Level 3  
  194  13:08  Terran Infantry Armor Level 3  
  194  13:09  Terran Vehicle Weapons Level 2  
  194  13:15  SCV  
  194  13:17  Refinery, Missile Turret  
  194  13:18  Refinery  
  195  13:20  Command Center  
  195  13:21  Missile Turret  
  195  13:27  Marine  
  195  13:28  Siege Tank  
  179  13:45  Marine  
  168  14:02  Marine  
  168  14:07  SCV x3  
  168  14:08  Siege Tank  
  168  14:09  Siege Tank  
  161  14:19  SCV  
  161  14:20  Marine  
  142  14:32  Orbital Command  
  142  14:38  Marine  
  142  14:39  Sensor Tower  
  142  14:41  Siege Tank  
  145  14:46  Marine x2  
  145  14:47  Marine x2  
  145  14:48  Viking x2  
  145  14:49  Viking  
  145  14:50  Siege Tank  
  157  14:56  Marine  
  158  15:04  Marine x2  
  160  15:07  Command Center  
  160  15:11  SCV x3, Marine x2  
  160  15:13  Siege Tank  
  160  15:14  Marine  
  168  15:18  Viking  
  171  15:22  Marine x2, Siege Tank  
  171  15:23  SCV  
  171  15:24  Medivac x2  
  178  15:28  SCV  
  178  15:29  SCV, Marine x2  
  178  15:32  Marine  
  183  15:40  Marine x2  
  184  15:47  Marine x2  
  184  15:48  Medivac  
  184  15:49  Marine  
  187  15:54  Medivac  
  190  15:58  Marine x2, Siege Tank x2  
  198  16:05  Marine x2  
  199  16:19  Marine  
  198  16:51  Marine x2  
  196  17:12  Marine x3  
  196  17:13  Marine  
  199  17:21  Planetary Fortress  
  185  17:36  Marine x5  
  182  17:37  Widow Mine  
  182  17:38  Widow Mine  
  183  17:50  Medivac x2  
  183  17:51  Raven  
  189  17:54  Marine x4  
  193  17:59  Widow Mine x2  
  193  18:01  Terran Vehicle And Ship Armor Level 1  
  143  18:20  Widow Mine  
  143  18:26  Marine  
  143  18:27  Marine x2  
  131  18:32  Marine x2  
  131  18:34  Raven, Siege Tank  
  130  18:35  Liberator x2  
  139  18:41  Siege Tank  
  139  18:44  Marine x3  
  142  18:50  Marine x2  
  141  19:02  Marine x3  
  142  19:06  Siege Tank  
  142  19:08  Marine x2  
  149  19:13  Siege Tank  
  149  19:16  Raven  
  154  19:18  Liberator  
  154  19:20  Marine x3  
  160  19:26  Marine x2  
  155  19:38  Marine x3  
  157  19:42  Siege Tank  
  157  19:44  Marine x2  
  151  19:45  Siege Tank  
  151  19:55  Marine  
  151  19:56  Marine x2  
  151  19:59  Barracks x2  
  154  20:01  Marine  
  154  20:02  Marine  
  148  20:13  Marine  
  145  20:14  Siege Tank  
  145  20:17  Marine x2  
  145  20:18  Liberator x3, Siege Tank  
  145  20:19  Marine x2  
  161  20:33  Marine  
  161  20:34  Marine x2  
  164  20:36  SCV x4  
  164  20:37  Marine x2  
  164  20:39  Terran Vehicle And Ship Armor Level 2  
  170  20:48  Barracks  
  170  20:51  Marine  
  170  20:52  Marine x2  
  170  20:55  Marine  
  167  20:58  Marine  
  167  21:00  Widow Mine x2  
  167  21:01  Liberator  
  175  21:09  Marine  
  175  21:10  Marine x2  
  178  21:22  Widow Mine x2  
  181  21:43  Widow Mine x2  
  182  21:48  Orbital Command  
  158  22:24  Marine x5  
  158  22:26  Siege Tank x2  
  154  22:42  Marine x5  
  159  22:47  SCV x2  
  158  22:58  Siege Tank x2  
  158  22:59  Marine  
  158  23:00  Marine x4  
  158  23:01  Marine x3  
  153  23:17  Marine x2  
  153  23:18  Marine x3  
  153  23:19  Marine x3  
  144  23:30  Siege Tank  
  147  23:35  Marine x2  
  147  23:39  Marine x3  
  147  23:40  Marine x3  
  155  23:43  Widow Mine  
  155  23:44  Viking x3  
  162  23:53  Marine x2  
  164  23:57  Marine x5  
  164  23:58  Marine  
  170  24:03  Widow Mine  
  170  24:05  Widow Mine  
  174  24:11  Marine  
  174  24:14  Viking x3  
  174  24:15  Marine x5  
  181  24:24  Widow Mine  
  181  24:26  Widow Mine  
  181  24:29  Marine  
  177  24:33  Marine x2  
Tags
 
Add a new tag
Caveats
  • Supply blocks, unpowered buildings, or Contaminate may cause inaccurate times.
  • Supply counts are checked every 10 seconds.